Unix NetHack Version 3.7.0-66 Work-in-progress - last build Dec 5 2022 03:26:57 (dbea811729ade750c4c0c7f8ab6145c62533a6e7,branch:master). Game began 2022-12-19 21:55:45, ended 2022-12-19 22:36:39. Gandelf, neutral male human Monk .--- .@.| ..^q- ..... %.. ..... .... -.)...........-.... |>)...)*....*........%. |-..................%... .. --...... .... ..)?..---..-- |... ....)..)...-- -.. .--..[....-- |........--- ----.........-- |..--....).....| ...^.........--.| --..............|-- |..............-- --.-------.--.-- --- ------ Gandelf the Initiate St:15 Dx:16 Co:12 In:8 Wi:18 Ch:8 Neutral S:3776 Dlvl:7 $:154 HP:0(48) Pw:52(52) AC:-1 Xp:7/818 T:4074 Burdened Latest messages: You can't go down here. You climb up the stairs. There is a staircase down to level 8 here. You see here a dagger. You hear some noises in the distance. You have a little trouble lifting $ - 112 gold pieces (154 in total). You attack thin air. The crossbow bolt misses the housecat. You are hit by a crossbow bolt. The gnome wields a broad short sword! You kill the gnome! There are many objects here. You kill the gnome! You have a little trouble lifting D - a slime mold. You have a little trouble lifting H - a credit card. You have a little trouble lifting I - a black gem. You already found a monster. Use 'm' prefix to force another search. You hit the gnome! The gnome misses! You already found a monster. Use 'm' prefix to force another search. You kill the gnome! There are many objects here. What do you want to throw? [$jrF or ?*] * In what direction? l The dagger misses. The dagger misses. The dagger hits it. What do you want to throw? [$rF or ?*] * In what direction? l The dart misses. The dart misses. You see here a crossbow bolt. The mumak just misses! The mumak just misses! You fall down the stairs. You hear someone praising Chih Sung-tzu. You climb up the stairs. The mumak misses! The mumak bites! You see here a dagger. The mumak butts! The mumak misses! You are enveloped in a cloud of gas! The mumak butts! You die... Do you want your possessions identified? [ynq] (y) y Do you want to see your attributes? [ynq] (y) y Do you want an account of creatures vanquished? [ynaq] (y) y Do you want to see your conduct and achievements? [ynq] (y) y Do you want to see the dungeon overview? [ynq] (y) y Inventory: Coins $ - 154 gold pieces Weapons F - 7 blessed +2 darts r - the blessed rustproof +0 Giantslayer Armor O - an uncursed +0 dwarvish iron helm (being worn) a - an uncursed +2 pair of leather gloves (being worn) P - a blessed +1 pair of iron shoes (being worn) Q - a blessed +0 dwarvish cloak b - a blessed +1 robe (being worn) R - a blessed +0 dwarvish mithril-coat Comestibles D - an uncursed slime mold g - 6 uncursed apples f - 3 uncursed food rations i - 4 uncursed fortune cookies h - 6 uncursed oranges E - an uncursed partly eaten lichen corpse Wands l - a wand of polymorph (0:7) U - a wand of polymorph (0:6) Tools A - an uncursed sack containing 12 items H - an uncursed credit card k - an uncursed lock pick s - an uncursed mirror n - an uncursed tallow candle Gems/Stones G - 2 cursed amber stones I - an uncursed obsidian stone W - 2 uncursed worthless pieces of orange glass V - an uncursed worthless piece of red glass c - 2 cursed worthless pieces of yellow glass Contents of the sack: an uncursed scroll of destroy armor an uncursed scroll of enchant armor an uncursed scroll of fire an uncursed scroll of magic mapping an uncursed scroll of teleportation a cursed scroll of teleportation a blessed spellbook of healing a cursed potion of extra healing an uncursed potion of gain energy an uncursed potion of object detection an uncursed potion of restore ability 5 potions of holy water Gandelf the Monk's attributes: Background: You were an Initiate, a level 7 male human Monk. You were neutral, on a mission for Chih Sung-tzu who was opposed by Shan Lai Ching (lawful) and Huan Ti (chaotic). You were in the Gnomish Mines, on level 7. You entered the dungeon 4074 turns ago. It was nighttime. You had 818 experience points, 462 more were needed to attain level 8. Your score was 3776 before end-of-game adjustments. Basics: You had 0 out of 48 hit points. You had all 52 energy points (spell power). Your armor class was -1. Your wallet contained 154 zorkmids. Autopickup was on for '$?!+/=' plus thrown. Final Characteristics: Your strength was 15 (limit:18/100). Your dexterity was 16 (limit:18). Your constitution was 12 (limit:18). Your intelligence was 8 (limit:18). Your wisdom was 18 (limit:18). Your charisma was 8 (limit:18). Final Status: You were not hungry. You were burdened; movement was slightly slowed. You were empty handed. You had basic skill with martial arts and could have enhanced that. Final Attributes: You were piously aligned. You were sleep resistant. You were poison resistant. You saw invisible. You were warned. You were stealthy. You were guarded. You were fast. You are dead. Miscellaneous: You never encountered a bones level. Total elapsed playing time was 40 minutes and 53 seconds. Major events: Turn 1: Gandelf the neutral male human Monk entered the dungeon 1223: attained the rank of Novice (level 3) 2945: entered the Gnomish Mines 3165: attained the rank of Initiate (level 6) 3235: reached Mine Town 3560: was bestowed with Giantslayer by Chih Sung-tzu 4074: killed by a mumak Vanquished creatures: a large mimic a giant beetle a giant spider an owlbear a gold golem 3 human zombies a water nymph 2 shriekers 4 gnome leaders 2 gnomish wizards a little dog 6 dwarves a homunculus 3 hill orcs 2 orc zombies a werejackal 2 acid blobs a coyote a gas spore 3 hobbits 5 giant rats a cave spider a green mold a red mold 24 gnomes a gecko 10 jackals 2 foxes 5 goblins a sewer rat 5 grid bugs 8 lichens 2 kobold zombies 5 newts 109 creatures vanquished. No species were genocided or became extinct. Voluntary challenges: You followed a strict vegan diet. You never hit with a wielded weapon. You read items or engraved 1 time. You never engraved Elbereth. You never genocided any monsters. You never polymorphed an object. You never changed form. You used no wishes. Achievements: You attained the rank of Novice. You entered the Gnomish Mines. You attained the rank of Initiate. You entered Minetown. You entered a temple. You entered a shop. The Dungeons of Doom: levels 1 to 4 Level 1: A fountain, a sink. Level 2: An altar to Chih Sung-tzu, a fountain. Level 3: Level 4: Stairs down to The Gnomish Mines. The Gnomish Mines: levels 5 to 8 Level 5: Level 6: Level 7: <- You were here. Final resting place for you, killed by a mumak. Level 8: Many shops, a temple to Chih Sung-tzu, some fountains. Game over: ---------- / \ / REST \ / IN \ / PEACE \ / \ | Gandelf | | 154 Au | | killed by a | | mumak | | | | | | 2022 | *| * * * | * _________)/\\_//(\/(/\)/\//\/|_)_______ Goodbye Gandelf the Monk... You died in The Gnomish Mines on dungeon level 7 with 3761 points, and 154 pieces of gold, after 4074 moves. You were level 7 with a maximum of 48 hit points when you died.